Map: Proxima Station LE

Players

Bunny

  • Race: Terran Terran
  • Spawn Location: 1:00

Dark - Winner!

  • Race: Zerg Zerg
  • Spawn Location: 7:00

VOD

Have the link to the VOD?

Description

Time

  • Played on: July 26, 2017, 9:44 p.m.
  • Length: 14:28
Show
View Real Time Build Order
Export as new Build Order

Bunny Terran 

Build Orders: Reaper Expand, MMM Bio 

Get SALT Encoding   

  12  0:00  SCV  
  13  0:12  SCV  
  14  0:17  Supply Depot  
  14  0:24  SCV  
  15  0:39  SCV  
  15  0:40  Barracks  
  16  0:44  Refinery  
  16  0:51  SCV  
  17  1:03  SCV  
  18  1:15  SCV  
  19  1:27  Reaper, Orbital Command  
  20  1:40  Command Center  
  20  1:52  Supply Depot  
  20  1:53  SCV  
  21  1:59  Marine  
  22  2:05  SCV  
  22  2:07  Barracks  
  23  2:14  Refinery  
  23  2:17  SCV  
  23  2:18  Barracks Reactor  
  24  2:26  Factory  
  24  2:29  SCV  
  25  2:41  SCV  
  26  2:52  Orbital Command  
  26  2:53  SCV  
  26  2:55  Marine x2  
  26  2:56  Barracks Tech Lab  
  30  3:05  SCV  
  30  3:12  Starport  
  30  3:13  Marine x2  
  30  3:16  Stimpack  
  30  3:17  SCV  
  30  3:18  Marine  
  34  3:21  SCV  
  34  3:26  Factory Reactor  
  35  3:29  SCV  
  35  3:30  Marine  
  35  3:32  Marine  
  35  3:33  SCV  
  39  3:36  Marine  
  40  3:45  SCV  
  40  3:46  SCV  
  40  3:47  Supply Depot  
  42  3:48  Marine  
  42  3:49  Marine  
  42  3:54  Marine  
  45  3:58  SCV  
  45  4:01  Supply Depot  
  46  4:05  SCV  
  46  4:08  Medivac, Marine x2  
  46  4:09  Medivac  
  52  4:10  SCV  
  52  4:12  Marine  
  52  4:16  Supply Depot  
  54  4:21  Refinery  
  54  4:23  SCV  
  55  4:26  Marine x2  
  55  4:27  SCV  
  55  4:28  Cyclone  
  61  4:31  Marine  
  61  4:35  Supply Depot  
  61  4:38  SCV, Medivac  
  63  4:45  SCV  
  66  4:47  Supply Depot  
  66  4:48  Marine x2  
  66  4:49  Marine  
  66  4:50  SCV  
  70  4:56  Medivac  
  70  4:57  SCV  
  70  4:58  Supply Depot  
  73  5:08  Command Center  
  73  5:14  SCV x2  
  73  5:16  Marine x3  
  73  5:19  Combat Shields  
  78  5:29  SCV x2  
  78  5:30  Engineering Bay  
  78  5:31  Factory Reactor  
  78  5:33  Engineering Bay  
  80  5:38  Refinery  
  80  5:40  Barracks  
  80  5:49  SCV x2, Barracks  
  82  5:50  Barracks  
  79  6:00  Marine  
  79  6:01  SCV x2, Marine x2  
  71  6:08  Terran Infantry Weapons Level 1, Terran Infantry Armor Level 1  
  71  6:10  Widow Mine x2  
  72  6:13  SCV x2  
  72  6:14  Supply Depot  
  72  6:17  Liberator x2  
  74  6:21  Orbital Command  
  74  6:24  Marine x2  
  74  6:25  Marine  
  77  6:26  SCV x2  
  77  6:29  Barracks Reactor  
  85  6:42  Orbital Command, Barracks Reactor  
  85  6:43  Barracks Reactor, Marine x2  
  85  6:44  Widow Mine, Marine  
  85  6:45  Widow Mine  
  92  6:56  SCV, Supply Depot, Armory  
  93  7:01  Marine  
  93  7:03  SCV  
  93  7:08  SCV  
  96  7:09  SCV  
  96  7:13  Supply Depot  
  96  7:15  SCV  
  98  7:17  Medivac  
  98  7:20  SCV  
  63  7:22  Medivac  
  101  7:26  Refinery x2  
  101  7:27  SCV  
  101  7:28  SCV  
  101  7:29  Marine  
  106  7:32  SCV, Marine  
  106  7:33  Marine x3  
  111  7:38  Supply Depot  
  111  7:40  SCV x2  
  111  7:42  Supply Depot  
  113  7:44  SCV  
  114  7:52  SCV x2  
  114  7:53  Marine  
  114  7:54  Marine x3  
  114  7:56  SCV  
  121  7:58  Marine x2  
  121  7:59  Marine x3  
  121  8:00  Widow Mine x2  
  121  8:04  SCV  
  124  8:10  Medivac x2  
  124  8:11  SCV x2, Marine  
  131  8:14  Barracks  
  131  8:15  Barracks  
  131  8:16  SCV  
  131  8:18  Terran Infantry Weapons Level 2  
  132  8:24  Marauder  
  134  8:28  Marine x6  
  134  8:31  Marine  
  134  8:32  Terran Infantry Armor Level 2, Marine  
  142  8:46  Marauder  
  140  8:49  Marine x8  
  140  8:54  Liberator x2  
  140  8:55  Supply Depot, Barracks  
  142  9:03  Barracks Tech Lab, Barracks Reactor  
  142  9:06  Marine  
  142  9:07  Marine x3  
  142  9:08  Widow Mine x2  
  150  9:15  Marauder  
  150  9:16  Marine  
  150  9:17  Marine x3  
  140  9:18  Supply Depot  
  140  9:23  Marauder  
  145  9:24  Marine  
  145  9:25  Marine  
  145  9:26  Marine x2  
  145  9:27  Concussive Shells  
  149  9:34  Marine x4  
  149  9:36  Widow Mine  
  149  9:37  Widow Mine  
  157  9:38  Marine  
  157  9:39  Marine x2  
  157  9:42  Marine  
  157  9:43  Supply Depot, Marine  
  157  9:44  Marine  
  163  9:47  Marine x2  
  163  9:52  Marine x4  
  167  9:54  Medivac  
  167  9:56  Marine x3  
  167  9:57  Medivac  
  176  10:00  Marine  
  176  10:01  Marine  
  176  10:02  Marine  
  176  10:05  Widow Mine, Marine  
  176  10:07  Barracks Reactor  
  179  10:11  Marine  
  179  10:12  Marine x2  
  180  10:16  Liberator x2  
  180  10:18  Marauder x2  
  182  10:24  Marine x4  
  147  10:34  Widow Mine x2  
  149  10:37  Barracks Tech Lab  
  149  10:40  Marauder x2  
  149  10:45  Marine x6  
  149  10:47  Marine  
  155  10:59  Liberator, Terran Infantry Weapons Level 3  
  155  11:01  Marauder x2  
  159  11:06  Terran Infantry Armor Level 3  
  159  11:16  Marauder  
  164  11:21  Marine x6  
  164  11:22  Marauder, Marine  
  164  11:23  Marauder  
  169  11:38  Marauder  
  167  11:42  Liberator  
  167  11:43  Unknown x3  
  167  11:44  Marauder x2  
  165  11:48  Medivac  
  165  11:52  Marine x2  
  158  11:59  Marauder  
  158  12:01  Liberator  
  162  12:05  Marauder x2  
  138  12:21  Marauder, Marine x5  
  139  12:27  Marauder x2  
  139  12:29  Marine  
  141  12:30  Marine x4  
  146  12:39  Marine x3  
  146  12:42  Marauder  
  151  12:48  Liberator x2, Marauder x2  
  155  12:52  Marine x3  
  155  12:53  Marine x2  
  160  13:03  Marauder  
  144  13:09  Marauder  
  120  13:20  Marauder, Marine  
  120  13:22  Marine x6  
  120  13:25  Marauder  
  115  13:27  Marine x2  
  115  13:31  Marine x2  
  103  13:38  Marine  
  106  13:41  Marauder  
  106  13:42  Marine  
  106  13:44  Marine x3  
  110  13:51  Medivac x2  
  100  13:56  Marine  
  100  13:57  Marine x2  
  87  14:06  Marine  
  87  14:09  Marine x2  
Show
View Real Time Build Order
Export as new Build Order

Dark Zerg - Winner!

Build Orders: Hatch First 

Get SALT Encoding   

  12  0:00  Drone  
  13  0:13  Overlord  
  13  0:17  Drone  
  14  0:32  Drone x2  
  16  0:37  Drone  
  17  0:56  Drone, Hatchery  
  17  1:00  Drone  
  18  1:08  Extractor  
  17  1:15  Spawning Pool  
  17  1:17  Drone  
  17  1:20  Drone  
  18  1:30  Drone  
  19  1:40  Overlord  
  19  1:59  Drone  
  20  2:02  Queen  
  20  2:03  Zergling x2  
  20  2:07  Queen  
  25  2:09  Drone  
  25  2:12  Zergling x2  
  25  2:13  Metabolic Boost  
  27  2:21  Drone  
  28  2:28  Drone  
  29  2:31  Drone  
  29  2:39  Zergling x2  
  30  2:47  Queen  
  30  2:49  Overlord  
  30  2:51  Drone x2  
  34  2:55  Drone  
  35  3:02  Drone  
  36  3:09  Drone  
  37  3:14  Overlord  
  37  3:16  Drone x2  
  37  3:17  Drone x2  
  37  3:18  Drone  
  37  3:19  Drone  
  43  3:29  Queen, Hatchery  
  44  3:35  Drone x2  
  44  3:37  Drone x2  
  48  3:43  Zergling x2  
  48  3:47  Drone  
  50  3:51  Evolution Chamber  
  50  3:55  Drone x2  
  50  3:56  Drone  
  50  4:00  Overlord  
  52  4:06  Overlord  
  52  4:10  Overlord  
  52  4:12  Overlord  
  52  4:14  Extractor  
  52  4:16  Zerg Ground Armor Level 1  
  51  4:18  Queen x2  
  51  4:19  Drone x2  
  57  4:26  Drone x2  
  57  4:27  Zergling x2  
  60  4:32  Drone  
  60  4:33  Drone, Zergling x2  
  63  4:40  Zergling x2  
  63  4:41  Zergling x8  
  63  4:44  Queen  
  70  4:47  Drone  
  70  4:48  Drone  
  70  4:50  Drone  
  70  4:52  Drone  
  74  4:57  Overlord  
  74  5:00  Overlord  
  74  5:05  Baneling Nest, Lair  
  73  5:10  Overlord  
  72  5:15  Queen, Overlord  
  72  5:16  Zergling x2  
  72  5:17  Zergling x2  
  72  5:21  Zergling x4  
  78  5:24  Zergling x2  
  79  5:30  Extractor  
  79  5:32  Zergling x6  
  79  5:33  Zergling x2  
  82  5:36  Drone  
  82  5:37  Drone x2  
  82  5:40  Zergling x2  
  86  5:44  Zergling x2, Overlord  
  75  6:01  Zergling x2  
  75  6:03  Zergling x20  
  77  6:13  Zergling x2  
  77  6:14  Zergling x4  
  77  6:15  Centrifical Hooks, Baneling x4  
  77  6:16  Hatchery, Zerg Melee Weapons Level 1  
  79  6:20  Extractor  
  79  6:21  Zergling x2  
  79  6:26  Drone x2  
  79  6:29  Extractor  
  80  6:34  Drone  
  80  6:35  Baneling x2, Infestation Pit  
  80  6:36  Drone, Evolution Chamber  
  80  6:38  Hatchery  
  78  6:40  Drone x3  
  78  6:41  Drone  
  82  6:47  Drone  
  82  6:51  Drone x4  
  82  6:52  Zergling x8  
  82  6:53  Baneling x3  
  92  6:54  Drone  
  93  7:01  Drone x2  
  93  7:04  Zerg Ground Armor Level 2  
  93  7:07  Zergling x2  
  94  7:09  Drone x4  
  94  7:11  Hive  
  94  7:13  Baneling  
  98  7:17  Zergling x6  
  98  7:21  Overlord x2  
  101  7:23  Drone x2  
  101  7:25  Drone x3  
  101  7:29  Spore Crawler  
  104  7:31  Spore Crawler  
  104  7:32  Drone  
  104  7:33  Drone  
  104  7:34  Drone  
  106  7:38  Zergling x8  
  110  7:52  Drone x8  
  110  7:53  Zergling x4  
  120  8:04  Drone x2  
  120  8:05  Drone x2  
  119  8:09  Zergling x4  
  119  8:10  Zergling x14  
  119  8:11  Baneling x3  
  119  8:12  Baneling  
  128  8:13  Zerg Melee Weapons Level 2  
  128  8:20  Zergling x2  
  128  8:21  Extractor, Zergling x10  
  133  8:28  Baneling  
  133  8:31  Adrenal Glands  
  131  8:38  Overseer  
  130  8:42  Ultralisk Cavern  
  130  8:43  Zergling x2  
  130  8:44  Zergling x12  
  130  8:45  Overlord x2  
  130  8:46  Baneling  
  130  8:47  Baneling x7  
  134  8:50  Baneling x2  
  134  8:52  Overlord x3  
  134  8:59  Spore Crawler, Zergling x12  
  132  9:05  Zergling x26  
  144  9:15  Zergling x2  
  144  9:16  Zergling x10  
  135  9:21  Zergling x6  
  135  9:22  Zerg Ground Armor Level 3  
  138  9:29  Baneling x8  
  149  9:31  Ultralisk x2  
  149  9:32  Zergling x2  
  149  9:33  Zergling x4  
  149  9:37  Chitinous Plating  
  151  9:40  Zergling x4  
  151  9:41  Zergling x8  
  157  9:48  Zergling x10  
  157  9:49  Baneling, Zergling x6  
  157  9:50  Baneling x3  
  164  9:54  Overlord  
  164  9:59  Overlord  
  163  10:01  Overlord  
  163  10:02  Baneling x4  
  163  10:03  Overlord x2  
  163  10:09  Zergling x4  
  130  10:30  Ultralisk x3, Queen x2  
  130  10:31  Zergling x6  
  140  10:42  Zerg Melee Weapons Level 3  
  140  10:43  Zergling x6  
  140  10:44  Zergling x6  
  146  10:56  Baneling x2  
  143  10:57  Spire, Hatchery  
  143  10:58  Baneling x4  
  143  10:59  Zergling x6  
  143  11:00  Zergling x12  
  150  11:17  Spore Crawler  
  149  11:24  Drone x2, Overlord  
  149  11:25  Drone x3  
  154  11:26  Zergling x8  
  154  11:27  Zergling x16  
  165  11:35  Zergling x4  
  153  11:48  Overseer, Zergling x10  
  153  11:52  Zergling x2  
  153  11:53  Zergling x4  
  137  12:12  Ultralisk x2  
  137  12:13  Corruptor  
  137  12:14  Corruptor x7  
  137  12:15  Zergling x2  
  157  12:27  Ultralisk  
  157  12:29  Zergling x2  
  162  12:30  Zergling x12  
  162  12:32  Overseer  
  162  12:33  Hatchery  
  162  12:36  Zergling x4  
  163  12:49  Zergling x10  
  163  12:50  Baneling x8  
  168  12:54  Corruptor  
  139  13:13  Ultralisk  
  139  13:14  Ultralisk, Zergling x6  
  139  13:15  Zergling x12  
  151  13:21  Zergling x10  
  151  13:24  Zergling x6  
  155  13:28  Zergling x6  
  155  13:31  Zergling x2  
  155  13:32  Zergling x4  
  155  13:33  Baneling x3  
  160  13:40  Zergling x2  
  161  13:41  Zergling x6  
  161  13:44  Zergling x6  
  161  13:47  Zergling x4  
  167  13:55  Zergling x10  
  144  14:03  Zergling x2  
  144  14:04  Baneling x4  
  144  14:06  Zergling x4  
  144  14:09  Zergling x2  
  146  14:10  Zergling x4  
Tags
 
Add a new tag
Caveats
  • Supply blocks, unpowered buildings, or Contaminate may cause inaccurate times.
  • Supply counts are checked every 10 seconds.